 Dungeon Crawl Stone Soup version 0.31-a0-246-g8cbcc1cb85 (webtiles) character file.

Game seed: 16431135376951097303

1509 funkygono the Cleaver (level 8, -1/71 HPs)
             Began as a Minotaur Fighter on July 12, 2023.
             Slain by a wight
             ... wielding a +5 war axe
              (10 damage)
             ... on level 6 of the Dungeon.
             The game lasted 00:09:04 (5399 turns).

funkygono the Cleaver (Minotaur Fighter)            Turns: 5399, Time: 00:09:05

Health: -1/71      AC: 15    Str: 24    XL:     8   Next: 53%
Magic:  7/7        EV:  7    Int:  5    God:
Gold:   325        SH:  4    Dex:  9    Spells: 7/7 levels left

rFire   . . .        a - +0 war axe
rCold   . . .        c - +0 buckler
rNeg    . . .        f - +0 plate armour
rPois   +            j - +0 hat
rElec   .            o - +1 cloak {rPois}
rCorr   .            (no gloves)
SInv    .            (no boots)
Will    .....        (no amulet) Stlth
                     (no ring)
HPRegen 0.31/turn    (no ring)
MPRegen 0.10/turn

%: no passive effects
@: no status effects
A: horns 2, retaliatory headbutt
a: no special abilities


You were on level 6 of the Dungeon.
You visited 1 branch of the dungeon, and saw 6 of its levels.
You also visited: Sewer.

You collected 325 gold pieces.

Inventory:

Hand Weapons
 a - a +0 war axe (weapon)
Missiles
 g - 20 poisoned darts
 h - 8 stones (quivered)
 k - 11 boomerangs
 l - 6 javelins
Armour
 c - a +0 buckler (worn)
 f - a +0 plate armour (worn)
 j - a +0 hat (worn)
 o - a +1 cloak of poison resistance (worn)
 s - the +0 ring mail of Twilight {+Inv Str+6 Slay-4}
   (You found it on level 4 of the Dungeon)

   Str:       It affects your strength (+6).
   Slay:      It affects your accuracy & damage with ranged weapons and melee
   (-4).
   +Inv:      It lets you turn invisible.
Talismans
 w - a serpent talisman
Wands
 q - a wand of flame (25)
 v - a wand of quicksilver (12)
 x - a wand of mindburst (13)
Scrolls
 m - a scroll of teleportation
 p - a scroll of poison
 r - a scroll of amnesia
 u - a scroll of fog
 y - a scroll of identify
 C - 3 scrolls of revelation {unknown}
 D - 4 scrolls of blinking
Potions
 b - 5 potions of curing
 d - 2 potions of might
 e - 2 potions of magic
 i - 2 potions of mutation
 n - 2 potions of enlightenment
 t - a potion of attraction
 z - 2 potions of haste
 A - a potion of ambrosia
 B - a potion of heal wounds {unknown}


   Skills:
 + Level 6.4 Fighting
 + Level 8.4 Axes
 + Level 1.3 Throwing
 + Level 7.7 Armour
 + Level 1.0 Dodging
 + Level 0.4 Stealth
 + Level 5.4 Shields


You had 7 spell levels left.
You didn't know any spells.
Your spell library contained the following spells:

 Spells                   Type           Power      Damage    Failure   Level
 Apportation              Tloc           0%         N/A       100%        1
 Cigotuvi's Dreadful Rot  Necr/Pois/Air  0%         N/A       100%        2
 Ignite Poison            Fire/Tmut/Pois 0%         N/A       100%        3
 Vhi's Electric Charge    Tloc/Air       0%         N/A       100%        3
 Alistair's Intoxication  Tmut/Pois      0%         N/A       100%        5
 Arcjolt                  Conj/Air       0%         1d10      100%        5
 Freezing Cloud           Conj/Ice/Air   0%         6-21      100%        5
 Summon Forest            Summ/Tloc      0%         N/A       100%        5
 Eringya's Noxious Bog    Tmut/Pois      0%         4d6       100%        6
 Summon Hydra             Summ           0%         N/A       100%        7
 Maxwell's Capacitive Co  Air            0%         ∞         100%        8


Dungeon Overview and Level Annotations

Branches:
Dungeon (6/15)              Sewer (visited)
 Temple: D:4-7

Altars:
Makhleb
Qazlal

Shops:
D:4 ?

Annotations:
D:6 3 runed translucent doors, Vorhees's ghost, novice DjAr


Innate Abilities, Weirdness & Mutations

You have a pair of horns on your head.
You reflexively headbutt those who attack you in melee.


Message History

The wight is almost destroyed.
The wight hits you with a +0 halberd. The orc barely misses you.
You furiously retaliate!
You headbutt the orc!
You kill the orc!
You hit the wight but do no damage.
The wight is almost destroyed.
The wight barely misses you.
You closely miss the wight.
The wight is almost destroyed.
You hit the orc. The wight hits you with a +0 halberd!
The orc barely misses you. You furiously retaliate!
You headbutt the orc!
You kill the orc!
You slash the wight!
You destroy the wight!
Your life force feels restored.
The orc hits you with a +0 flail!
Things that are here:
a +0 halberd; a +0 robe You hit the orc.
The orc is severely wounded.
The orc hits you but does no damage. The wight misses you.
You block the orc's attack.
You slash the orc!
You kill the orc!
You barely miss the wight. The wight hits you with a +5 war axe.
* * * LOW HITPOINT WARNING * * *
You block the wight's attack.
Things that are here:
a +0 flail; 11 gold pieces; an orc corpse The wight hits you with a +5 war axe!
* * * LOW HITPOINT WARNING * * *
You closely miss the wight. The wight hits you but does no damage.
You closely miss the wight. Your headbutt misses the wight.
The wight hits you with a +5 war axe.
* * * LOW HITPOINT WARNING * * *
You closely miss the wight. The wight barely misses you.
You hit the wight. You headbutt the wight!
The wight is almost destroyed.
The wight hits you with a +5 war axe!
You die...

#..........))..)))
#........#########
#........# #........#
#........# ##########...#
## ########.....# #..#.#
.# #............###.##.#
.####...........@)).....#
...§.{...........z)..####
####.........)....####
##.............#
#........##.#.#########
#.....>..##.#..).....[.
########.##.#.#########
#.##.#.. #.##.### ##


You could see a wight.

Vanquished Creatures
  A sky beast (D:6)
  2 black bears (D:5)
  An ogre (D:5)
  2 kobold brigands (Sewer)
  Blork the orc (D:6)
  3 scorpions (D:5)
  A wight (D:6)
  A howler monkey (D:6)
  2 jellies
  A gnoll bouda (D:5)
  2 orc priests
  Natasha (thrice) (D:3)
  2 orc wizards (D:6)
  2 iguanas
  7 gnolls
  9 adders
  3 river rats (D:3)
  A white imp (D:5)
  2 worms
  4 dart slugs
  16 orcs
  10 ball pythons
  9 bats
  10 endoplasms
  3 giant cockroaches
  6 goblins
  7 hobgoblins
  10 jackals
  8 kobolds
  2 quokkas
  4 frilled lizards
  8 rats
143 creatures vanquished.

Vanquished Creatures (others)
  An orc wizard (D:6)
1 creature vanquished.

Grand Total: 144 creatures vanquished

Notes
Turn   | Place    | Note
-------+----------+-------------------------------------------
     0 | D:1      | funkygono the Minotaur Fighter began the quest for the Orb.
     0 | D:1      | Reached XP level 1. HP: 19/19 MP: 0/0
   122 | D:1      | Reached XP level 2. HP: 27/27 MP: 1/1
   392 | D:1      | Reached XP level 3. HP: 33/33 MP: 2/2
   445 | D:1      | Reached skill level 3 in Axes
   715 | D:2      | Found a faded altar of an unknown god.
   715 | D:2      | Noticed a sixfirhy
  1576 | D:3      | Reached XP level 4. HP: 40/40 MP: 3/3
  1623 | D:3      | Noticed Natasha
  1627 | D:3      | Killed Natasha
  1628 | D:3      | Reached skill level 4 in Axes
  1636 | D:3      | Noticed Natasha
  1640 | D:3      | Killed Natasha
  1641 | D:3      | Reached XP level 5. HP: 36/46 MP: 4/4
  1713 | D:3      | Reached skill level 5 in Axes
  1785 | D:3      | Found a glowing drain.
  1845 | Sewer    | Entered a sewer
  1932 | Sewer    | Reached XP level 6. HP: 47/53 MP: 5/5
  2071 | Sewer    | Found a white marble altar of Elyvilon.
  2183 | D:3      | Reached skill level 6 in Axes
  2209 | D:3      | Noticed Natasha
  2226 | D:3      | Killed Natasha
  2780 | D:4      | Identified the +0 ring mail of Twilight {+Inv Str+6 Slay-4}
  2976 | D:4      | Reached skill level 5 in Armour
  3366 | D:4      | Found Deasudup's Magic Scroll Boutique.
  3498 | D:5      | Entered Level 5 of the Dungeon
  3572 | D:5      | Reached XP level 7. HP: 60/60 MP: 6/6
  3607 | D:5      | Reached skill level 5 in Fighting
  3607 | D:5      | Reached skill level 1 in Throwing
  3607 | D:5      | Reached skill level 5 in Shields
  4058 | D:5      | Found a large runed translucent door.
  4058 | D:5      | Found a large runed translucent door.
  4173 | D:5      | Reached skill level 7 in Axes
  4344 | D:5      | Reached skill level 1 in Dodging
  4344 | D:5      | Reached XP level 8. HP: 58/70 MP: 7/7
  4647 | D:5      | Found a burning altar of Makhleb.
  4657 | D:5      | Found a stormy altar of Qazlal.
  4994 | D:6      | Reached skill level 8 in Axes
  4997 | D:6      | Found a runed translucent gate.
  4997 | D:6      | Found a runed translucent gate.
  4997 | D:6      | Found a runed translucent gate.
  5002 | D:6      | Noticed Vorhees's ghost (novice DjAr)
  5190 | D:6      | Noticed Blork the orc
  5203 | D:6      | Killed Blork the orc
  5399 | D:6      | Slain by a wight

Illustrated notes

Levels and vault maps discovered:
D:1:      dpeg_arrival_rooms_c, layout_rooms
D:2:      layout_basic, dreamdust_ecumenical_altar_sealed_demon,
          serial_bayou_lagoon_b
D:3:      layout_basic, gup_sewer_entry_bubbles, uniq_natasha
D:4:      layout_gridville, serial_shops, kennysheep_mini_moat,
          grunt_ministairs_13
D:5:      layout_loops_ring, jmf_multi_god_temple2, wad_floor_pattern_2
D:6:      layout_basic, biasface_ghost_orc_armoury, uniq_blork_the_orc

Skill      XL: |  1  2  3  4  5  6  7  8 |
---------------+-------------------------+-----
Shields        | 4 5 |  5.4
Fighting       | 4 5 6 |  6.4
Armour         | 4 5 6 7 |  7.7
Axes           | 3 4 5 6 7 8 |  8.4
Throwing       | 1 |  1.3
Dodging        | 1 |  1.0
Stealth        | |  0.4

Action                     |  1- 3 |  4- 6 |  7- 9 || total
---------------------------+-------+-------+-------++-------
  Melee: War axe           |    73 |   196 |   172 ||   441
         Headbutt          |    11 |    21 |    30 ||    62
  Throw: Stone             |    20 |     6 |    20 ||    46
    Use: Scroll            |     8 |     4 |     2 ||    14
 Armour: Scale mail        |     4 |       |       ||     4
         Plate armour      |    44 |   127 |   132 ||   303
  Dodge: Dodged            |    27 |    54 |    54 ||   135
  Block: Buckler           |    17 |    43 |    36 ||    96

Table legend: (Time is in decaauts)
 A = Elapsed time spent in this place.
 B = Non-inter-level travel time spent in this place.
 C = Inter-level travel time spent in this place.
 D = Time resting spent in this place.
 E = Time spent auto-exploring this place.
 F = Levels seen in this place.
 G = Mean time per level.
                   A        B        C        D        E       F      G
               +--------+--------+--------+--------+--------+-----+--------+
         Total |   5623 |   5510 |    113 |    217 |   3720 |   7 |  803.3 |
       Dungeon |   5255 |   5142 |    113 |    217 |   3579 |   6 |  875.8 |
         Sewer |    368 |    368 |      0 |      0 |    141 |   1 |  368.0 |
               +--------+--------+--------+--------+--------+-----+--------+

Top non-repeatable levels by time:
     D:5: 1311 daAuts
     D:3: 1056 daAuts
     D:2: 921 daAuts
     D:4: 780 daAuts
     D:6: 619 daAuts
     D:1: 566 daAuts
   Sewer: 368 daAuts
